 Dungeon Crawl Stone Soup version 0.30-a0-1035-g38d5fb2972 (webtiles) character file.

Game seed: 11117963410423562131

4737 DeathPants the Fighter (level 10, -2/96 HPs)
             Began as a Naga Venom Mage on Apr 8, 2023.
             Was a Believer of Kikubaaqudgha.
             Slain by a wolf (6 damage)
             ... on level 8 of the Dungeon.
             The game lasted 00:36:57 (9770 turns).

DeathPants the Fighter (Naga Venom Mage)            Turns: 9770, Time: 00:36:57

Health: -2/96      AC: 14    Str: 11    XL:     10   Next: 46%
Magic:  1/16       EV: 11    Int: 16    God:    Kikubaaqudgha [**....]
Gold:   160        SH:  0    Dex: 14    Spells: 7/17 levels left

rFire   . . .      SeeInvis +    b - +2 hand axe (elec)
rCold   . . .      Faith    .    (no shield)
rNeg    + . .      Spirit   .    v - +1 robe {Will+}
rPois   +          Reflect  .    (no helmet)
rElec   .          Rampage  .    q - +2 ratskin cloak {*Rats rPois rN+ Str-1 Int-1 Dex+1}
rCorr   +                        e - +1 pair of gloves
Will    ++...                    (no barding)
Stlth   ++++                     (no amulet)
HPRegen 0.36/turn                c - +4 ring of protection
MPRegen 0.15/turn                g - ring of resist corrosion

@: very slow
A: AC +3, large, see invisible, deformed body, poison resistance, slowness 2,
spit poison 1, naga tail 1
a: Spit Poison, Renounce Religion, Unearth Wretches


You were on level 8 of the Dungeon.
You worshipped Kikubaaqudgha.
Kikubaaqudgha was pleased with you.
You visited 2 branches of the dungeon, and saw 10 of its levels.

You collected 318 gold pieces.
You spent 158 gold pieces at shops.

Inventory:

Hand Weapons
 a - a +2 dagger of flaming
 b - a +2 hand axe of electrocution (weapon)
 d - a +0 short sword
 y - a +5 hand axe of freezing
 H - a +2 whip of freezing
Missiles
 k - 3 silver javelins
 l - a boomerang
 n - 14 poisoned darts
 p - 3 atropa-tipped darts
Armour
 e - a +1 pair of gloves (worn)
 q - the +2 ratskin cloak (worn) {*Rats rPois rN+ Str-1 Int-1 Dex+1}
   (You found it on level 5 of the Dungeon)

   *Rats:     When the wearer is hurt, rats may emerge from it to assist them.
   Str:       It affects your strength (-1).
   Int:       It affects your intelligence (-1).
   Dex:       It affects your dexterity (+1).
   rPois:     It protects you from poison.
   rN:        It protects you from negative energy.
 v - a +1 robe of willpower (worn)
Magical Staves
 i - a staff of conjuration
Jewellery
 c - a +4 ring of protection (left hand)
 g - a ring of resist corrosion (right hand)
 t - a ring of willpower
Wands
 h - a wand of polymorph (5)
 A - a wand of charming (12)
 E - a wand of mindburst (9)
 F - a wand of acid (7)
Scrolls
 f - a scroll of magic mapping
 m - a scroll of summoning
 G - 2 scrolls of poison
Potions
 j - a potion of invisibility
 o - a potion of resistance
 s - a potion of brilliance
 u - a potion of attraction
 w - a potion of might
 x - 2 potions of mutation {unknown}
 z - a potion of berserk rage
 B - a potion of haste {unknown}
 C - a potion of heal wounds
 D - a potion of lignification


   Skills:
 - Level 8.0 Fighting
 - Level 6.0 Axes
 - Level 4.0 Dodging
 - Level 8.0 Stealth
 - Level 4.0 Spellcasting
 - Level 4.0 Conjurations
 + Level 3.3 Necromancy
 - Level 1.0 Transmutations
 - Level 4.0 Air Magic
 - Level 7.0 Poison Magic


You had 7 spell levels left.
You knew the following spells:

 Your Spells              Type           Power      Damage    Failure   Level
a - Sting                 Tmut/Pois      64%        1d6       3%          1
b - Poisonous Vapours     Pois/Air       40%        N/A       2%          2
c - Mephitic Cloud        Conj/Pois/Air  19%        N/A       6%          3
d - Olgreb's Toxic Radia  Pois           25%        N/A       10%         4

Your spell library contained the following spells:

 Spells                   Type           Power      Damage    Failure   Level
 Kiss of Death            Conj/Necr      56%        2d9       3%          1
 Cigotuvi's Dreadful Rot  Necr/Pois/Air  36%        N/A       3%          2
 Necrotise                Necr           52%        1d6       4%          1
 Swiftness                Air            16%        N/A       10%         3
 Momentum Strike          Conj/Tloc      18%        3d8       11%         2
 Vampiric Draining        Necr           13%        2d6       13%         3
 Passwall                 Tmut/Erth      3%         N/A       21%         2
 Blink                    Tloc           6%         N/A       26%         2
 Ensorcelled Hibernation  Hex/Ice        6%         N/A       26%         2
 Lesser Beckoning         Tloc           6%         N/A       26%         2
 Animate Dead             Necr           13%        N/A       41%         4
 Dispel Undead            Necr           13%        3d9       41%         4
 Confusing Touch          Hex            3%         N/A       45%         3
 Cause Fear               Hex            1%         N/A       86%         4
 Death Channel            Necr           6%         N/A       100%        6
 Dragon Form              Tmut           3%         N/A       100%        7
 Dragon's Call            Summ           1%         N/A       100%        9


Dungeon Overview and Level Annotations

Branches:
Dungeon (9/15)             Temple (1/1) D:4
   Lair: D:8-11         Orc: D:9-12

Altars:
Cheibriados
Dithmenos
Elyvilon
Fedhas
Kikubaaqudgha
Makhleb
Okawaru
Qazlal
Ru
Uskayaw
Vehumet
Xom
Yredelemnul

Shops:
D:1 =   D:2 [   D:5 :   D:6 !   D:7 [


Innate Abilities, Weirdness & Mutations

Your serpentine skin is tough. (AC +3)
You have supernaturally acute eyesight. (SInv)
Armour fits poorly on your strangely shaped body.
Your system is resistant to poisons. (rPois)
You cover ground very slowly.
You can spit poison.
You have a snake-like lower body.


Message History

You hit the killer bee.
The killer bee is lightly wounded.
You barely miss the wolf. The killer bee stings you.
The wolf barely misses you. The killer bee stings you.
* * * LOW HITPOINT WARNING * * *
The wolf bites you!
* * * LOW HITPOINT WARNING * * *
Blink to where?
Press: ? - help, Dir - move target, p - killer bee
As you read the scroll of blinking, it crumbles to dust.
The killer bee looks more healthy.
The killer bee stings you but does no damage.
The killer bee barely misses you.
Aiming: Poisonous Vapours (safe; 2% risk of failure)
Press: ? - help, Q - select action, (/) - cycle Dir - move target, f - killer bee
Aim: a killer bee (severely wounded) Poisonous vapours surround the killer bee!
The killer bee is poisoned.
The killer bee closely misses you. The killer bee stings you.
* * * LOW HITPOINT WARNING * * *
A hell rat scurries out from under your cloak.
The wolf bites you but does no damage. The killer bee stings you.
* * * LOW HITPOINT WARNING * * *
The wolf bites you.
* * * LOW HITPOINT WARNING * * *
The killer bee stings you but does no damage.
You kill the killer bee!
Kikubaaqudgha accepts your kill.
Your hell rat bites the wolf.
The wolf bites you.
* * * LOW HITPOINT WARNING * * *
Your hell rat bites the wolf!
Your hell rat bites the wolf but does no damage.
The wolf bites you.
* * * LOW HITPOINT WARNING * * *
Your hell rat bites the wolf but does no damage.
You completely miss the wolf.
The wolf is almost dead.
The wolf bites you but does no damage. The wolf bites you.
You die...
Kikubaaqudgha rasps: "You have failed me!
Welcome... death!"

.....)##..# ..##..... .....))..#
##. ..$...g..# .#
>.[.[)#............#....##...#
....[####..#.##....#...<.z...#
#...## ..##.# #...#...........
#...##...###.###K..............
##...#..###...##..........F....
...ยง.....##..##..........##....
.#.............h@...#.#### ....
.####.#...#...r.....## ...
.#####.......).# .. # #..
#...........# #.##...#
#..##.#....... .......
....#..#......#
.......###...........## #......
.......####.. .......


You could see a wolf (ally target), a kobold and a friendly hell rat.

Vanquished Creatures
  A hornet (D:8)
  A wraith (D:6)
  A steam dragon (D:8)
  Menkaure (D:6)
  Edmund (D:4)
  An orc warrior (D:9)
  2 ice beasts
  A black bear (D:7)
  3 sky beasts
  An ogre (D:5)
  2 centaurs
  4 lemures (D:8)
  2 kobold brigands (D:7)
  A bullfrog (D:7)
  A gnoll sergeant (D:8)
  3 scorpions
  8 wights
  6 killer bees
  A jelly (D:6)
  An orc priest (D:7)
  4 hounds
  2 sleepcaps
  A gnoll bouda (D:4)
  3 iguanas
  4 orc wizards
  3 hell rats (D:5)
  7 gnolls
  10 adders
  18 river rats (D:5)
  A white imp (D:6)
  An ufetubus (D:4)
  2 worms
  6 dart slugs
  15 orcs
  8 ball pythons
  4 bats
  10 endoplasms
  4 giant cockroaches
  9 goblins
  10 hobgoblins
  11 quokkas
  A frilled lizard (D:3)
  10 kobolds
  8 rats
194 creatures vanquished.

Vanquished Creatures (collateral kills)
  Pikel (D:8)
  A black bear (D:6)
  2 ice beasts (D:9)
  An ogre (D:6)
  A bullfrog (D:6)
  2 wights (D:8)
  A killer bee (D:7)
  A gnoll (D:8)
10 creatures vanquished.

Vanquished Creatures (others)
  4 fungi (D:8)
4 creatures vanquished.

Grand Total: 208 creatures vanquished

Notes
Turn   | Place    | Note
-------+----------+-------------------------------------------
     0 | D:1      | DeathPants the Naga Venom Mage began the quest for the Orb.
     0 | D:1      | Reached XP level 1. HP: 15/15 MP: 3/3
   250 | D:2      | Reached XP level 2. HP: 18/22 MP: 1/5
   261 | D:1      | Learned a level 2 spell: Poisonous Vapours
   382 | D:1      | Reached skill level 5 in Poison Magic
   547 | D:1      | Found Kotash's Jewellery Shoppe.
   622 | D:1      | Reached XP level 3. HP: 26/28 MP: 4/6
  1244 | D:2      | Reached XP level 4. HP: 36/36 MP: 7/7
  1262 | D:2      | Found Lotwaeho's Antique Armour Shoppe.
  2098 | D:3      | Learned a level 3 spell: Mephitic Cloud
  2122 | D:3      | Reached skill level 1 in Air Magic
  2125 | D:3      | Reached XP level 5. HP: 34/42 MP: 4/8
  2877 | D:4      | Reached XP level 6. HP: 46/49 MP: 5/9
  3562 | D:4      | Reached skill level 1 in Conjurations
  3819 | D:5      | Entered Level 5 of the Dungeon
  4006 | D:4      | Reached XP level 7. HP: 55/55 MP: 1/10
  4266 | D:2      | Bought a glowing robe for 88 gold pieces
  4441 | D:4      | Found a basalt altar of Yredelemnul.
  4620 | D:4      | Noticed Edmund
  4639 | D:4      | Killed Edmund
  4713 | D:4      | Found a staircase to the Ecumenical Temple.
  4720 | Temple   | Entered the Ecumenical Temple
  4757 | Temple   | Became a worshipper of Kikubaaqudgha
  4937 | D:5      | HP: 2/55 [ice beast (11)]
  4957 | D:5      | Reached XP level 8. HP: 24/62 MP: 9/14
  5861 | D:5      | Found Yssuoq's Book Boutique.
  5946 | D:6      | Reached skill level 1 in Fighting
  6605 | D:5      | Reached * piety under Kikubaaqudgha
  6605 | D:5      | Received a gift from Kikubaaqudgha
  6613 | D:5      | Found the +2 ratskin cloak {*Rats rPois rN+ Str-1 Int-1
                  | Dex+1}
  6888 | D:6      | Reached skill level 5 in Fighting
  7213 | D:6      | Reached XP level 9. HP: 80/81 MP: 10/15
  7749 | D:6      | Noticed Menkaure
  7753 | D:6      | Killed Menkaure
  7829 | D:6      | Found Laffeav's Distillery.
  7837 | D:6      | Bought a potion of berserk rage for 70 gold pieces
  8362 | D:7      | Reached skill level 5 in Stealth
  9018 | D:7      | Reached skill level 1 in Axes
  9133 | D:7      | Found Heal's Armour Emporium.
  9225 | D:7      | Learned a level 4 spell: Olgreb's Toxic Radiance
  9385 | D:8      | Noticed Pikel
  9397 | D:8      | Killed Pikel
  9398 | D:8      | Reached skill level 5 in Axes
  9398 | D:8      | Reached XP level 10. HP: 56/96 MP: 1/16
  9564 | D:8      | Reached skill level 1 in Necromancy
  9593 | D:8      | Reached ** piety under Kikubaaqudgha
  9769 | D:8      | HP: 4/96 [wolf (4)]
  9770 | D:8      | Slain by a wolf

Illustrated notes

Levels and vault maps discovered:
D:1:      nicolae_arrival_somewhat_less_tricky_arrival, layout_loops_ring,
          serial_shops, shop
D:2:      layout_loops_corners, serial_shops, nicolae_shop_crystal,
          chequers_serial_rivers_small_b, corner_web_ring
D:3:      layout_loops_corners, serial_park_tiny_2, grunt_ministairs_7
D:4:      layout_cave_pools, lemuel_round_altar, minmay_temple_entry_nine_rooms,
          uniq_edmund
D:5:      wander_guarded_unrand_ratskin, layout_loops_ring, serial_shops,
          nicolae_shop_hallway_stairs, enter_ossuary_3, gup_sewer_entry_spiral
D:6:      layout_basic, serial_shops, shop, uniq_menkaure
D:7:      layout_rooms, serial_shops, nicolae_shop_crystal
D:8:      layout_cave_pools, dreamdust_mushroom_princess, minivault_14,
          uniq_pikel, uniq_grum
D:9:      layout_rooms, hellmonk_lair_entry_icy, orc_0_dummy, nzn_ghost_randoct,
          hex_intersection, st_stairs_4, kennysheep_doodads,
          nrook_mini_backslash, hangedman_minor_gate_pass
Temple:   regret_index_temple_sigil_plot

Skill      XL: |  1  2  3  4  5  6  7  8  9 10 |
---------------+-------------------------------+-----
Poison Magic   | 5 6 7 |  7.0
Air Magic      | 1 3 4 |  4.0
Conjurations   | 3 4 |  4.0
Spellcasting   | 4 |  4.0
Dodging        | 2 4 |  4.0
Fighting       | 5 8 |  8.0
Stealth        | 8 |  8.0
Axes           | 5 6 |  6.0
Necromancy     | 3 |  3.3
Transmutations | |  1.0

Action                     |  1- 3 |  4- 6 |  7- 9 | 10-12 || total
---------------------------+-------+-------+-------+-------++-------
  Melee: Short sword       |    57 |    27 |       |       ||    84
         Whip              |     7 |       |       |       ||     7
         Punch             |     1 |       |     9 |       ||    10
         Staff             |       |    14 |       |       ||    14
         Dagger            |       |    97 |    66 |       ||   163
         Hand axe          |       |       |   225 |    37 ||   262
   Cast: Sting             |    26 |    40 |    24 |     4 ||    94
         Poisonous Vapours |       |    18 |    79 |    11 ||   108
         Mephitic Cloud    |       |     2 |    23 |     3 ||    28
         Olgreb's Toxic Ra |       |       |     3 |     3 ||     6
Ability: Spit Poison       |     2 |       |       |       ||     2
  Evoke: Wand              |       |       |     1 |       ||     1
    Use: Scroll            |     1 |     9 |     7 |     1 ||    18
         Potion            |       |       |     3 |     2 ||     5
   Stab: Sleeping          |     2 |     4 |     3 |     1 ||    10
         Confused          |       |       |    11 |     1 ||    12
 Armour: Robe              |    33 |    64 |   148 |    35 ||   280
         Skin              |       |       |    37 |       ||    37
  Dodge: Dodged            |    44 |    80 |   204 |    51 ||   379

Table legend: (Time is in decaauts)
 A = Elapsed time spent in this place.
 B = Non-inter-level travel time spent in this place.
 C = Inter-level travel time spent in this place.
 D = Time resting spent in this place.
 E = Time spent auto-exploring this place.
 F = Levels seen in this place.
 G = Mean time per level.
                   A        B        C        D        E       F      G
               +--------+--------+--------+--------+--------+-----+--------+
         Total |  12157 |  11365 |    792 |    312 |   8271 |  10 | 1215.7 |
       Dungeon |  12076 |  11312 |    764 |    312 |   8233 |   9 | 1341.8 |
        Temple |     81 |     53 |     28 |      0 |     37 |   1 |   81.0 |
               +--------+--------+--------+--------+--------+-----+--------+

Top non-repeatable levels by time:
     D:5: 2482 daAuts
     D:3: 1812 daAuts
     D:6: 1764 daAuts
     D:2: 1533 daAuts
     D:4: 1330 daAuts
     D:7: 1312 daAuts
     D:1: 1216 daAuts
     D:8: 592 daAuts
  Temple: 81 daAuts
     D:9: 31 daAuts
